 Dungeon Crawl Stone Soup version 0.31-a0-940-gdaa99269f9 (webtiles) character file.

Game seed: 12831365976772144207

28 protoss039 the Digger (level 3, 26/26 HPs)
             Began as a Demonspawn Earth Elementalist on Oct 20, 2023.
             Got out of the dungeon alive.
             The game lasted 00:01:27 (1291 turns).

protoss039 the Digger (DsEE)                        Turns: 1291, Time: 00:01:27

Health: 26/26      AC:  2    Str:  8    XL:     3   Next: 0%
Magic:  6/6        EV: 12    Int: 18    God:
Gold:   93         SH:  0    Dex: 13    Spells: 3/6 levels left

rFire   x . .        m - +0 dagger
rCold   + . .        (no shield)
rNeg    . . .        a - +0 robe
rPois   .            (no helmet)
rElec   .            (no cloak)
rCorr   .            (no gloves)
SInv    .            (no boots)
Will    .....        (no amulet)
Stlth   ++           h - ring of ice
HPRegen 0.24/turn    (no ring)
MPRegen 0.10/turn

%: no passive effects
@: no status effects
A: foul stench 1, sturdy frame 1
a: no special abilities


You escaped.
You visited 1 branch of the dungeon, and saw 2 of its levels.

You collected 93 gold pieces.

Inventory:

Hand Weapons
 m - a +0 dagger (weapon)
Missiles
 f - a throwing net
Armour
 a - a +0 robe (worn)
Jewellery
 h - a ring of ice (left hand)
Wands
 n - a wand of charming (7)
Scrolls
 e - 2 scrolls of identify {unknown}
 j - 2 scrolls of noise {unknown}
 l - a scroll of immolation {unknown}
Potions
 b - a potion of magic
 c - a potion of enlightenment {unknown}
 d - a potion of curing {unknown}
 g - a potion of resistance {unknown}
 i - a potion of might {unknown}
 k - a potion of brilliance {unknown}


   Skills:
 + Level 1.4 Fighting
 - Level 1.7 Dodging
 - Level 1.7 Stealth
 + Level 2.4 Spellcasting
 - Level 0.8 Transmutations
 + Level 3.1 Earth Magic


You had 3 spell levels left.
You knew the following spells:

 Your Spells              Type           Power      Damage    Failure   Level
a - Sandblast             Erth           26%        2d8       4%          1
b - Passwall              Tmut/Erth      7%         N/A       12%         2

Your spell library contained the following spells:

 Spells                   Type           Power      Damage    Failure   Level
 Stone Arrow              Conj/Erth      14%        3d7       26%         3
 Petrify                  Tmut/Erth      9%         N/A       58%         4
 Brom's Barrelling Bould  Conj/Erth      7%         2d3       65%         4


Dungeon Overview and Level Annotations

Branches:
Dungeon (2/15) Zot: 10691

Altars:


Innate Abilities, Weirdness & Mutations

You may rarely emit foul miasma when damaged in melee.
Your movements are slightly less encumbered by armour. (ER -2)


Message History

Press: ? - help, Shift-Dir - straight line, f - you That would be overly suicidal.
Okay, then.
Unknown command.
Casting: Sandblast (safe; 5% risk of failure)
Confirm with . or Enter, or press ? or * to list all spells.
Aiming: Sandblast (safe; 5% risk of failure)
Press: ? - help, Shift-Dir - straight line, f - worm
Aim: a worm (94% to hit)
The blast of sand hits the worm!
The worm is moderately wounded.
Unknown command.
Casting: Sandblast (safe; 5% risk of failure)
Confirm with . or Enter, or press ? or * to list all spells.
Aiming: Sandblast (safe; 5% risk of failure)
Press: ? - help, Shift-Dir - straight line, f/p - worm
Aim: a worm (moderately wounded, 94% to hit)
The blast of sand hits the worm!
The worm is severely wounded.
Unknown command.
Casting: Sandblast (safe; 5% risk of failure)
Confirm with . or Enter, or press ? or * to list all spells.
Aiming: Sandblast (safe; 5% risk of failure)
Press: ? - help, Shift-Dir - straight line, f/p - worm
Aim: a worm (severely wounded, 94% to hit)
The blast of sand hits the worm!
You kill the worm!
You have reached level 3!
Your experience leads to an increase in your attributes!
Increase (S)trength, (I)ntelligence, or (D)exterity?
You feel clever. x2; Your demonic ancestry asserts itself...
You begin to emit a foul stench of rot and decay.
e - 2 scrolls labelled TAJEIS YNKEROI (gained 1)
What level of the Dungeon? (default 1, ? - help)
There is a stone staircase leading up here.
You climb upwards.
There is a stone staircase leading down here.
Magic restored.
There is a staircase leading out of the dungeon here.
You have escaped!

.#.#.# #....# ###[#....# .#...#
#....# #.#.#....# .##### #....#
#.#......# .######
#.######.##.....# #.#.#.###.#
#...#.....# .#...#.##.#
#...#.....# #.#.#.###.#
##...##.####
...#...##.####...[.#.#
#.#.#.#.#.......@....#########
.#...#....####.....#.........#
#.#.#.##..# ##...##.........#
...#......# #...#..........#
#.#.#.###.# #...#..........#
.#...#.##.## ##.##..........#
#.#.#.###..### #.##..........#
...#...##....# #.##.#############
#.#.#.###....#####...............


There were no monsters in sight!

Vanquished Creatures
  A worm (D:2)
  2 bats (D:2)
  6 endoplasms
  2 hobgoblins
  3 jackals (D:1)
  4 ball pythons (D:1)
  4 frilled lizards
  2 rats (D:2)
24 creatures vanquished.

Notes
Turn   | Place    | Note
-------+----------+-------------------------------------------
     0 | D:1      | protoss039 the Demonspawn Earth Elementalist began the
                  | quest for the Orb.
     0 | D:1      | Reached XP level 1. HP: 13/13 MP: 3/3
   209 | D:1      | Gained mutation: Your movements are slightly less
                  | encumbered by armour. (ER -2) [demonic ancestry]
   209 | D:1      | Reached XP level 2. HP: 7/20 MP: 0/5
   356 | D:1      | Reached skill level 1 in Fighting
   467 | D:1      | Reached skill level 3 in Earth Magic
  1045 | D:2      | Learned a level 2 spell: Passwall
  1232 | D:2      | Gained mutation: You may rarely emit foul miasma when
                  | damaged in melee. [demonic ancestry]
  1232 | D:2      | Reached XP level 3. HP: 26/26 MP: 1/6
  1291 | D:$      | Got out of the dungeon alive.

Illustrated notes

Levels and vault maps discovered:
D:1:      dpeg_arrival_rhombus, layout_basic, kennysheep_crisscross
D:2:      layout_rooms, minmay_curled_crystal

Skill      XL: |  1  2 |
---------------+-------+-----
Fighting       | 1 |  1.4
Earth Magic    | 3 |  3.1
Dodging        | |  1.7
Stealth        | |  1.7
Spellcasting   | |  2.4
Transmutations | |  0.8

Action                     || total
---------------------------++-------
  Melee: Whip              ||    16
         Dagger            ||     1
   Cast: Sandblast         ||    35
   Stab: Sleeping          ||     1
 Armour: Robe              ||    22
  Dodge: Dodged            ||    29

Table legend: (Time is in decaauts)
 A = Elapsed time spent in this place.
 B = Non-inter-level travel time spent in this place.
 C = Inter-level travel time spent in this place.
 D = Time resting spent in this place.
 E = Time spent auto-exploring this place.
 F = Levels seen in this place.
 G = Mean time per level.
                   A        B        C        D        E       F      G
               +--------+--------+--------+--------+--------+-----+--------+
         Total |   1308 |   1237 |     71 |      2 |   1063 |   2 |  654.0 |
       Dungeon |   1308 |   1237 |     71 |      2 |   1063 |   2 |  654.0 |
               +--------+--------+--------+--------+--------+-----+--------+

Top non-repeatable levels by time:
     D:1: 1082 daAuts
     D:2: 226 daAuts
